 Dungeon Crawl Stone Soup version 0.30-a0-883-g5ad918d77d (webtiles) character file.

Game seed: 1605619875050524371

91 lunkers the Cudgeller (level 5, 0/41 HPs)
             Began as a Meteoran Warper on Mar 17, 2023.
             Killed from afar by an orc wizard (12 damage)
             ... with a puff of flame
             ... on level 3 of the Dungeon.
             The game lasted 00:04:13 (848 turns).

lunkers the Cudgeller (Meteoran Warper)              Turns: 848, Time: 00:04:14

Health: 0/41       AC:  6    Str: 15    XL:     5   Next: 12%
Magic:  10/10      EV: 10    Int: 14    God:
Gold:   29         SH:  0    Dex: 13    Spells: 4/9 levels left

rFire   . . .      SeeInvis .    a - +0 mace
rCold   . . .      Faith    .    (no shield)
rNeg    . . .      Spirit   .    n - +0 scale mail
rPois   .          Reflect  .    (no helmet)
rElec   .          Rampage  .    (no cloak)
rCorr   .                        (no gloves)
Will    .....                    (no boots) Stlth
                                 (no amulet)
HPRegen 0.26/turn                (no ring)
MPRegen 0.12/turn                (no ring)

@: glowing
A: sense surroundings 1, otherworldly, glowing, explore regen
a: no special abilities


You were on level 3 of the Dungeon.
You visited 1 branch of the dungeon, and saw 3 of its levels.

You collected 29 gold pieces.

Inventory:

Hand Weapons
 a - a +0 mace (weapon)
Missiles
 d - 7 boomerangs of dispersal
Armour
 b - a +0 leather armour
 f - a scarf of invisibility
 n - a +0 scale mail (worn)
Wands
 p - a wand of flame (16)
Scrolls
 c - a scroll of blinking
 e - a scroll of immolation {unknown}
 g - a scroll of identify {unknown}
 h - a scroll of fog {unknown}
 i - a scroll of teleportation {unknown}
 l - a scroll of silence {unknown}
 m - a scroll of poison {unknown}
Potions
 j - a potion of invisibility {unknown}
 k - a potion of heal wounds {unknown}
 o - a potion of berserk rage {unknown}
 q - a potion of attraction {unknown}
 r - a potion of brilliance {unknown}


   Skills:
 - Level 2.1 Fighting
 + Level 6.2 Maces & Flails
 - Level 1.2 Throwing
 - Level 1.2 Armour
 - Level 2.4 Dodging
 - Level 2.6 Spellcasting
 - Level 3.6 Translocations


You had 4 spell levels left.
You knew the following spells:

 Your Spells              Type           Power      Damage    Failure   Level
p - Blink                 Tloc           24%        N/A       30%         2
q - Vhi's Electric Charg  Tloc/Air       12%        N/A       78%         3

Your spell library contained the following spells:

 Spells                   Type           Power      Damage    Failure   Level
 Lesser Beckoning         Tloc           24%        N/A       30%         2
 Teleport Other           Tloc           12%        N/A       52%         3
 Manifold Assault         Tloc           12%        N/A       90%         4


Dungeon Overview and Level Annotations

Branches:
Dungeon (3/15) Zot: 922

Altars:


Innate Abilities, Weirdness & Mutations

You passively map a small area around you.
You are easily found by Zot.
You glow in the dark.
You regain HP and MP as you explore.


Message History

You thump the orc!
You kill the orc!
The bat misses you. The bat barely misses you.
You sock the bat!
You kill the bat!
The orc wizard mumbles some strange words.
The orc wizard flickers and vanishes!
You hit something. Something hits you.
You miss something. Something hits you.
You closely miss something. Something hits you but does no damage.
You miss something. Something hits you but does no damage.
You hear some strange, mumbled words.
A puff of flame appears from out of thin air!
The puff of flame hits something.
You hit something but do no damage. Something hits you but does no damage.
You hit something.
You hear some strange, mumbled words.
You are confused.
You bump into the rock wall.
Something hits you.
You closely miss something. Something hits you.
* * * LOW HITPOINT WARNING * * *
You're too confused to move!
Something hits you.
* * * LOW HITPOINT WARNING * * *
You bump into the rock wall.
Something hits you.
* * * LOW HITPOINT WARNING * * *
You closely miss something.
You hear some strange, mumbled words.
A magic dart appears from out of thin air!
The magic dart hits you!
* * * LOW HITPOINT WARNING * * *
Something hits you but does no damage.
You hit something. Your punch misses something.
You feel less confused. Something hits you.
* * * LOW HITPOINT WARNING * * *
You closely miss something.
You hear some strange, mumbled words.
A puff of flame appears from out of thin air!
The puff of flame hits you!
You die...

*...# .....####
........#
........#
..!.....# ####
........# * .... ,
.$.$..#.#####.(#**
.....[.og{{@...#
...###<#####.##
,........# * #
##..###.# *, , # ,
#.# , #.# * , , ,
, ... * * , ### *
* , , , , ,


You could see an orc and a hobgoblin.

Vanquished Creatures
  Jessica (D:2)
  An adder (D:2)
  2 worms
  3 dart slugs
  An orc (D:3)
  6 ball pythons
  5 bats
  5 endoplasms
  A giant cockroach (D:1)
  4 hobgoblins
  3 quokkas
  3 frilled lizards
  2 goblins (D:1)
  A kobold (D:2)
  7 rats
45 creatures vanquished.

Notes
Turn   | Place    | Note
-------+----------+-------------------------------------------
     0 | D:1      | lunkers the Meteoran Warper began the quest for the Orb.
     0 | D:1      | Reached XP level 1. HP: 17/17 MP: 5/5
    28 | D:1      | Reached skill level 3 in Maces & Flails
    51 | D:1      | Reached XP level 2. HP: 24/24 MP: 6/6
   149 | D:1      | Reached skill level 4 in Maces & Flails
   166 | D:1      | Reached XP level 3. HP: 28/29 MP: 8/8
   171 | D:1      | Learned a level 2 spell: Blink
   232 | D:1      | Learned a level 3 spell: Vhi's Electric Charge
   507 | D:2      | Reached skill level 5 in Maces & Flails
   525 | D:2      | Reached XP level 4. HP: 15/36 MP: 9/9
   679 | D:2      | Noticed Jessica
   685 | D:2      | Killed Jessica
   686 | D:2      | Reached skill level 6 in Maces & Flails
   686 | D:2      | Reached XP level 5. HP: 34/41 MP: 10/10
   848 | D:3      | Killed from afar by an orc wizard

Illustrated notes

Levels and vault maps discovered:
D:1:      onia_arrival_handbag, layout_rooms, minmay_misc_feat_tower
D:2:      minmay_evil_eye, layout_loops_ring, kennysheep_decorative_pillar,
          serial_bayou_pond_b, uniq_jessica
D:3:      layout_loops_ring, kiku_gazebo_pond_becter,
          dilly_ecumenical_altar_fadedgnrine, grunt_decor_junction

Skill      XL: |  1  2  3  4 |
---------------+-------------+-----
Maces & Flails | 3 4 5 6 |  6.2
Fighting       | |  2.1
Throwing       | |  1.2
Armour         | |  1.2
Dodging        | |  2.4
Spellcasting   | |  2.6
Translocations | |  3.6

Action                     |  1- 3 |  4- 6 || total
---------------------------+-------+-------++-------
  Melee: Mace              |    94 |    72 ||   166
 Armour: Leather armour    |    25 |     8 ||    33
         Scale mail        |       |    16 ||    16
  Dodge: Dodged            |    69 |    38 ||   107

Table legend: (Time is in decaauts)
 A = Elapsed time spent in this place.
 B = Non-inter-level travel time spent in this place.
 C = Inter-level travel time spent in this place.
 D = Time resting spent in this place.
 E = Time spent auto-exploring this place.
 F = Levels seen in this place.
 G = Mean time per level.
                   A        B        C        D        E       F      G
               +--------+--------+--------+--------+--------+-----+--------+
         Total |    876 |    827 |     49 |      0 |    440 |   3 |  292.0 |
       Dungeon |    876 |    827 |     49 |      0 |    440 |   3 |  292.0 |
               +--------+--------+--------+--------+--------+-----+--------+

Top non-repeatable levels by time:
     D:1: 424 daAuts
     D:2: 406 daAuts
     D:3: 45 daAuts
